Map: Ice and Chrome LE

Players

Vindicta - Winner!

  • Race: Terran Terran
  • League: Master
  • Spawn Location: 7:00

Cuddlebear

  • Race: Terran Terran
  • League: Master
  • Spawn Location: 1:00

Event: DreamHack SC2 Masters 2020 Fall

VOD

Have the link to the VOD?

Description

Time

  • Played on: Sept. 1, 2020, 4:28 p.m.
  • Length: 28:27

All games in this series

Show
View Real Time Build Order
Export as new Build Order

Vindicta Terran - Winner!

Build Orders: Cyclone Opening 

Get SALT Encoding   

  12  0:00  SCV  
  13  0:12  SCV  
  14  0:17  Supply Depot  
  14  0:24  SCV  
  14  0:28  Refinery  
  15  0:38  SCV  
  16  0:44  Barracks  
  16  0:50  SCV  
  16  0:55  Refinery  
  17  1:03  SCV  
  18  1:15  SCV  
  19  1:30  Reaper, Orbital Command  
  20  1:40  Factory  
  20  1:48  Supply Depot  
  20  1:56  SCV  
  21  2:02  Reaper  
  21  2:08  SCV  
  23  2:20  SCV  
  24  2:24  Hellion  
  26  2:33  Command Center  
  26  2:36  Barracks Tech Lab  
  26  2:38  SCV  
  27  2:51  SCV  
  27  2:54  Starport  
  27  2:59  Cyclone  
  27  3:04  Supply Depot  
  30  3:07  SCV  
  30  3:11  Barracks Reactor  
  31  3:14  Refinery  
  31  3:26  SCV  
  32  3:32  Starport Tech Lab  
  32  3:38  SCV  
  32  3:40  Siege Tank  
  36  3:44  Orbital Command  
  36  3:48  Marine x2  
  38  3:50  SCV  
  39  4:02  SCV  
  40  4:05  Marine x2  
  40  4:06  Raven  
  44  4:10  SCV  
  44  4:14  Supply Depot  
  44  4:15  SCV  
  46  4:22  SCV  
  46  4:23  Marine x2, Siege Tank  
  52  4:31  SCV  
  52  4:35  SCV  
  52  4:37  Supply Depot  
  53  4:42  Marine x2  
  53  4:43  SCV  
  56  4:47  SCV  
  57  4:52  Raven  
  57  4:55  SCV  
  57  4:59  SCV  
  61  5:00  Supply Depot x2, Marine x2  
  63  5:07  SCV  
  63  5:12  Siege Tank  
  63  5:13  SCV  
  68  5:19  SCV  
  68  5:20  Command Center  
  69  5:26  SCV  
  69  5:32  SCV  
  69  5:38  SCV  
  69  5:41  Refinery  
  70  5:44  SCV  
  70  5:48  Viking x2  
  77  5:50  Siege Tank  
  77  5:51  SCV  
  77  5:56  SCV, Stimpack  
  79  6:01  Marine  
  79  6:02  Barracks  
  79  6:03  SCV, Barracks  
  81  6:08  Supply Depot  
  81  6:09  SCV  
  82  6:13  Engineering Bay x2  
  82  6:18  Viking  
  84  6:21  Viking  
  86  6:30  SCV, Siege Tank  
  86  6:31  Supply Depot  
  90  6:35  Orbital Command  
  90  6:42  Terran Infantry Weapons Level 1, Terran Infantry Armor Level 1  
  90  6:51  Viking  
  89  6:56  Barracks Reactor  
  89  6:57  Barracks Reactor  
  88  7:06  SCV  
  88  7:07  SCV  
  88  7:08  SCV  
  90  7:10  Marine  
  90  7:12  Supply Depot  
  90  7:13  Barracks  
  90  7:14  Barracks  
  91  7:16  Factory Tech Lab  
  91  7:21  Viking  
  93  7:25  SCV  
  93  7:28  SCV  
  93  7:29  Marine  
  90  7:30  SCV  
  91  7:40  SCV  
  91  7:42  Marine  
  90  7:44  Siege Tank  
  90  7:45  Combat Shield  
  90  7:46  SCV, Orbital Command  
  95  7:52  SCV  
  95  7:53  Sensor Tower  
  95  7:54  Marine  
  95  7:58  SCV  
  96  8:01  Marine  
  96  8:04  Barracks Reactor, SCV  
  96  8:05  Sensor Tower  
  97  8:06  Barracks Reactor  
  97  8:07  Barracks Reactor  
  97  8:10  SCV  
  97  8:12  SCV  
  99  8:13  Marine  
  99  8:14  Medivac  
  99  8:17  SCV  
  103  8:22  SCV, Marine x2  
  103  8:24  SCV  
  107  8:27  Refinery  
  107  8:28  Refinery  
  107  8:29  SCV, Medivac  
  107  8:31  Marine  
  111  8:34  SCV  
  111  8:36  SCV  
  111  8:41  SCV, Marine  
  115  8:43  Armory  
  115  8:45  Marine  
  115  8:46  SCV  
  115  8:48  Missile Turret  
  117  8:53  Supply Depot x2  
  117  9:00  Missile Turret, Factory  
  117  9:02  Supply Depot  
  117  9:11  Medivac, Marine x5  
  117  9:12  SCV  
  117  9:14  SCV x2, Marine, Siege Tank  
  117  9:15  Supply Depot  
  117  9:16  Marine x2  
  133  9:18  Marine  
  133  9:19  Supply Depot  
  133  9:22  Medivac  
  136  9:25  SCV  
  136  9:26  SCV  
  136  9:29  Marine x3  
  140  9:32  Marine x2  
  140  9:34  Marine  
  140  9:35  Marine x2  
  140  9:36  Marine  
  146  9:41  Liberator  
  146  9:42  Command Center  
  146  9:44  Terran Infantry Weapons Level 2  
  149  9:50  Terran Infantry Armor Level 2  
  149  9:52  Marine x4, Liberator  
  154  9:53  Factory Tech Lab  
  154  9:59  Supply Depot, Marine  
  155  10:07  Marine  
  155  10:10  Marine x6  
  155  10:11  Marine, Siege Tank  
  164  10:17  Marine  
  166  10:25  Marine  
  166  10:27  Marine  
  166  10:28  Marine x4  
  169  10:30  Marine  
  169  10:33  Marine  
  159  10:51  Marine x5  
  159  10:53  Siege Tank  
  159  10:56  SCV, Marine x3  
  156  10:59  Medivac, Marine  
  156  11:01  SCV  
  156  11:02  Medivac  
  147  11:06  Planetary Fortress  
  147  11:09  SCV, Marine x2  
  147  11:11  Marine x2  
  151  11:13  SCV  
  151  11:14  Marine x2  
  150  11:21  SCV  
  150  11:23  Marine x2  
  150  11:25  SCV  
  151  11:30  Marine, Siege Tank  
  151  11:32  Marine  
  157  11:33  SCV  
  157  11:34  Marine  
  157  11:37  Supply Depot  
  157  11:38  Sensor Tower  
  157  11:44  SCV, Marine  
  157  11:45  SCV  
  157  11:46  Medivac  
  148  11:47  Marine  
  148  11:50  Marine x2  
  148  11:53  Marine  
  147  11:54  Marine x4  
  147  12:00  Supply Depot  
  151  12:02  Supply Depot, Marine  
  151  12:04  Siege Tank  
  151  12:05  Marine  
  151  12:08  Marine x2  
  157  12:10  Marine  
  163  12:18  Terran Infantry Weapons Level 3  
  163  12:19  Terran Infantry Armor Level 3  
  163  12:20  Marine  
  157  12:23  Marine  
  157  12:27  Marine  
  157  12:28  Marine  
  157  12:29  Marine x2  
  161  12:39  Command Center  
  161  12:41  Marine, Siege Tank  
  161  12:43  Marine  
  166  12:48  Medivac  
  166  12:49  Medivac  
  170  12:53  SCV x2  
  170  12:55  SCV  
  170  12:57  Marine  
  173  13:00  Marine  
  173  13:02  Marine  
  173  13:05  SCV x2  
  176  13:07  SCV, Supply Depot  
  176  13:08  Terran Vehicle Weapons Level 1  
  175  13:16  Marine  
  175  13:17  SCV  
  175  13:21  Siege Tank  
  175  13:24  Supply Depot  
  175  13:25  Sensor Tower  
  175  13:26  Supply Depot  
  177  13:27  SCV  
  177  13:28  SCV  
  177  13:32  SCV  
  180  13:37  Supply Depot  
  180  13:44  Marine  
  180  13:45  Marine  
  180  13:47  Marine  
  173  13:49  Marine  
  173  13:52  SCV, Missile Turret x2  
  173  13:54  Marine x3  
  173  13:55  Planetary Fortress  
  177  14:00  Marine  
  178  14:03  Marine x2  
  178  14:05  Marine  
  178  14:09  SCV  
  183  14:13  Missile Turret  
  183  14:15  Marine  
  183  14:17  Marine  
  172  14:19  Siege Tank  
  172  14:22  Marine x2  
  171  14:24  Marine  
  171  14:26  Starport  
  169  14:32  Command Center, Marine  
  169  14:33  Marine  
  169  14:34  Marine  
  169  14:38  Marine  
  173  14:41  Marine  
  173  14:42  Missile Turret  
  174  14:47  SCV  
  174  14:51  Siege Tank  
  163  14:53  Marine  
  163  14:54  Marine x3  
  163  14:55  Marine x3  
  163  14:56  Marine  
  159  15:00  Marine  
  160  15:11  Starport Reactor, Marine  
  160  15:12  SCV, Marine x3  
  160  15:13  Marine x3  
  168  15:15  Marine  
  168  15:17  Marine  
  170  15:22  Barracks  
  170  15:23  Barracks  
  170  15:26  Siege Tank  
  170  15:27  Viking  
  175  15:29  Viking, Marine x2  
  175  15:30  Marine x2  
  175  15:31  Marine x2  
  183  15:39  Marine  
  183  15:41  Marine  
  180  15:48  Marine x3  
  180  15:49  Marine x4  
  187  15:53  Viking x2  
  191  15:57  Viking  
  191  15:59  Viking, Marine x2  
  197  16:06  Marine x2  
  197  16:08  Marine  
  198  16:11  Barracks Reactor x2  
  198  16:13  Planetary Fortress  
  198  16:23  Viking  
  200  16:31  Barracks Reactor  
  200  16:34  Missile Turret  
  200  16:35  Missile Turret  
  200  16:36  Missile Turret  
  200  16:39  Viking  
  200  16:41  Viking  
  200  16:43  Viking  
  197  16:48  Siege Tank  
  200  16:54  Neosteel Armor  
  200  16:58  Command Center  
  200  17:18  Viking  
  200  17:20  Marine  
  198  17:24  Viking  
  199  17:31  Fusion Core  
  198  17:44  Command Center  
  198  17:46  Command Center  
  198  17:49  Refinery  
  198  17:50  Refinery  
  200  17:55  Terran Vehicle Weapons Level 2  
  198  18:06  Refinery  
  198  18:08  Refinery  
  198  18:14  Liberator, Marine, Siege Tank  
  198  18:15  Liberator x2  
  198  18:17  Marine  
  198  18:18  Marine x4  
  187  18:20  Marine  
  187  18:21  Marine  
  187  18:22  Marine x3  
  187  18:23  Marine x2  
  188  18:32  Marine  
  189  18:34  SCV  
  189  18:35  Marine x2  
  189  18:36  Marine x3  
  189  18:38  Marine  
  189  18:39  Marine  
  189  18:40  Marine x5  
  192  18:46  Liberator, Siege Tank  
  185  18:48  SCV  
  185  18:50  Marine  
  185  18:53  Marine x2  
  185  18:54  Marine x3  
  182  18:56  Marine  
  182  18:57  Liberator x2  
  182  19:04  SCV x3  
  182  19:13  Missile Turret  
  182  19:16  SCV x3  
  184  19:18  Siege Tank  
  184  19:22  Marine  
  184  19:23  Marine  
  184  19:24  Marine x4  
  166  19:25  Marine x5, Factory  
  166  19:27  Marine x2  
  166  19:28  SCV  
  166  19:29  SCV x2  
  175  19:39  Planetary Fortress  
  175  19:40  SCV, Marine  
  175  19:41  SCV x2, Marine x2  
  175  19:42  Marine x6  
  175  19:43  Marine x2  
  175  19:45  Marine x2  
  191  19:52  Viking x2  
  192  19:53  SCV  
  192  19:58  Missile Turret, Marine  
  192  19:59  Viking, Marine  
  200  20:11  Siege Tank  
  182  20:16  Marine  
  182  20:19  Factory Tech Lab  
  182  20:21  SCV x2  
  178  20:22  Viking x2, Refinery  
  178  20:23  SCV x2  
  178  20:24  Refinery  
  184  20:33  SCV x2  
  184  20:35  SCV  
  187  20:37  SCV  
  187  20:41  Sensor Tower  
  185  20:43  Starport Reactor, Siege Tank  
  185  20:50  Siege Tank  
  185  20:51  Sensor Tower  
  185  20:56  Command Center  
  188  20:59  Marine  
  188  21:03  Viking  
  191  21:07  Viking  
  193  21:13  Terran Ship Weapons Level 1  
  193  21:15  Siege Tank  
  196  21:21  Viking  
  197  21:26  Siege Tank  
  197  21:30  Command Center  
  197  21:33  Viking  
  197  21:34  Missile Turret  
  197  21:35  Missile Turret  
  197  21:37  Hi-Sec Auto Tracking  
  197  21:48  Viking  
  197  21:54  Siege Tank  
  197  21:56  Command Center  
  197  21:57  Marine  
  197  21:59  Viking  
  187  22:03  Siege Tank  
  187  22:04  Marine x3  
  192  22:15  Orbital Command  
  192  22:18  Marine  
  192  22:20  Viking x2, Marine  
  192  22:21  Marine  
  199  22:28  Marine  
  199  22:29  Marine  
  191  22:30  Viking  
  191  22:31  Marine  
  191  22:32  Viking, Marine x2  
  191  22:34  Marine x2  
  191  22:35  Siege Tank  
  191  22:36  Marine x2  
  192  22:37  Marine  
  192  22:39  Marine  
  193  22:46  Siege Tank  
  196  22:52  Liberator  
  198  23:00  Marine  
  198  23:04  SCV  
  196  23:13  Viking  
  196  23:14  Viking  
  196  23:15  Viking  
  196  23:19  SCV, Marine x2  
  167  23:22  Orbital Command, Siege Tank  
  167  23:23  Marine  
  167  23:26  SCV  
  157  23:28  Orbital Command  
  157  23:29  Marine x4  
  157  23:32  Marine x2  
  157  23:33  Marine x2  
  161  23:35  SCV, Factory  
  162  23:42  Liberator  
  162  23:43  SCV  
  162  23:46  SCV  
  162  23:47  Marine  
  165  23:54  Siege Tank  
  165  23:55  Marine x4  
  174  23:56  Marine x4  
  170  24:05  Marine x3  
  170  24:07  Medivac x2  
  170  24:09  Marine  
  162  24:13  Marine  
  162  24:14  Marine  
  167  24:18  Marine x2  
  167  24:19  Factory Tech Lab  
  167  24:22  SCV  
  167  24:24  Refinery, Marine x2  
  171  24:25  Medivac  
  171  24:26  SCV x2  
  171  24:31  Liberator  
  177  24:36  Marine  
  177  24:37  Marine  
  175  24:39  Refinery  
  175  24:45  Marine x2  
  176  24:49  Siege Tank x2  
  176  24:52  Liberator  
  184  24:55  Marine x2  
  184  24:56  Marine  
  184  24:57  Supply Depot  
  186  25:12  Liberator  
  189  25:14  Liberator  
  189  25:20  Marine  
  196  25:21  Siege Tank  
  196  25:23  Marine  
  196  25:25  Sensor Tower  
  196  25:27  Missile Turret, Marine x2  
  199  25:29  Marine  
  200  25:41  Marine  
  200  25:42  Marine, Siege Tank  
  167  25:45  Marine x4, Liberator  
  167  25:48  Marine x2  
  167  25:49  Marine  
  150  25:50  Marine x3  
  150  25:51  Marine  
  150  25:54  Hellion  
  153  25:58  Missile Turret  
  153  25:59  Marine  
  153  26:00  Missile Turret, Marine  
  153  26:02  Marine  
  153  26:03  Marine x3  
  159  26:06  Marine  
  159  26:11  Marine x2  
  151  26:17  Marine x2  
  148  26:19  Marine x2  
  148  26:23  Marine  
  148  26:24  Siege Tank  
  149  26:27  Marine x2  
  149  26:28  Marine x4  
  149  26:29  Marine  
  149  26:30  Marine  
  154  26:34  Marine  
  154  26:35  Marine  
  154  26:37  SCV, Marine x2  
  159  26:40  Marine  
  159  26:45  Marine x2  
  159  26:46  Marine  
  165  26:48  Siege Tank  
  165  26:50  Marine x2  
  165  26:52  Marine x2  
  168  27:00  Marine x3  
  168  27:01  Siege Tank  
  174  27:05  Marine  
  174  27:07  Marine  
  174  27:08  Marine  
  173  27:09  Marine  
  173  27:14  Marine  
  167  27:15  Marine  
  167  27:16  Marine  
  167  27:17  Marine  
  167  27:18  Marine  
  167  27:19  Marine  
  167  27:20  Marine x2, Siege Tank  
  165  27:28  Liberator  
  167  27:30  SCV  
  167  27:32  Marine  
  167  27:33  Siege Tank  
  167  27:34  SCV  
  167  27:35  Marine  
  173  27:38  Marine x3  
  173  27:40  SCV  
  175  27:47  Marine x3  
  175  27:48  Medivac  
  175  27:49  Marine  
  175  27:50  Orbital Command  
  181  27:52  SCV  
  181  27:53  SCV x2  
  181  27:55  Marine  
  185  27:58  Marine  
  185  28:01  Marine  
  185  28:03  Marine  
  185  28:05  Marine  
  192  28:06  Marine x2  
  192  28:07  Marine  
Show
View Real Time Build Order
Export as new Build Order

Cuddlebear Terran 

Build Orders:  

Get SALT Encoding   

  12  0:00  SCV  
  13  0:12  SCV  
  14  0:17  Supply Depot  
  14  0:24  SCV  
  15  0:39  SCV  
  15  0:40  Barracks  
  16  0:44  Refinery  
  16  0:51  SCV  
  17  1:00  Refinery  
  17  1:03  SCV  
  18  1:15  SCV  
  19  1:28  Reaper  
  19  1:29  Orbital Command  
  19  1:31  Supply Depot  
  20  1:46  Factory  
  20  1:56  SCV  
  20  2:00  Reaper  
  22  2:08  SCV  
  23  2:20  SCV  
  24  2:31  Hellion  
  24  2:32  SCV  
  27  2:37  Barracks Reactor  
  27  2:38  Command Center  
  27  2:40  Barracks Tech Lab  
  27  2:44  SCV  
  27  2:49  Starport  
  28  2:57  SCV  
  30  3:16  SCV, Supply Depot, Barracks Tech Lab  
  30  3:28  SCV  
  30  3:32  Refinery  
  31  3:38  Cyclone  
  31  3:40  Supply Depot  
  34  3:42  Raven  
  34  3:44  SCV  
  37  3:50  Orbital Command  
  37  3:54  Barracks Reactor  
  37  3:56  SCV  
  38  4:08  SCV  
  39  4:10  Siege Tank  
  39  4:16  SCV, Supply Depot  
  43  4:20  SCV  
  44  4:25  Supply Depot  
  44  4:28  SCV  
  45  4:31  Marine  
  45  4:32  SCV, Marine  
  45  4:34  Raven  
  50  4:40  SCV  
  50  4:44  SCV  
  52  4:49  Marine x2  
  52  4:50  Siege Tank  
  52  4:52  SCV  
  58  4:53  Supply Depot  
  58  4:56  SCV  
  59  5:04  SCV  
  60  5:07  Marine x2  
  60  5:09  SCV  
  60  5:10  Command Center  
  63  5:15  Refinery  
  63  5:16  SCV  
  63  5:17  Supply Depot  
  63  5:21  SCV  
  65  5:27  Siege Tank  
  68  5:29  SCV  
  68  5:33  SCV  
  70  5:35  Viking x2  
  70  5:37  Stimpack  
  70  5:41  SCV  
  75  5:45  SCV  
  76  5:53  SCV  
  77  5:57  SCV  
  77  5:58  Supply Depot  
  77  5:59  Supply Depot  
  78  6:05  SCV, Viking x2, Siege Tank  
  78  6:09  SCV  
  87  6:16  Barracks  
  87  6:17  SCV  
  88  6:19  Barracks  
  88  6:21  SCV  
  90  6:26  Orbital Command  
  90  6:29  SCV  
  90  6:30  Engineering Bay  
  90  6:31  Engineering Bay  
  90  6:33  Supply Depot, Marine  
  90  6:34  Supply Depot  
  90  6:39  SCV  
  92  6:49  SCV  
  92  6:51  Marine  
  92  6:53  Siege Tank  
  92  6:54  Viking x2  
  101  6:55  SCV  
  101  6:57  SCV  
  103  7:01  SCV  
  103  7:07  SCV  
  103  7:08  Barracks Reactor x2  
  105  7:09  Marine  
  105  7:13  SCV, Terran Infantry Weapons Level 1, Terran Infantry Armor Level 1  
  107  7:21  Barracks  
  107  7:22  Barracks  
  107  7:26  Marine  
  107  7:27  Orbital Command  
  97  7:31  Siege Tank  
  97  7:32  Viking  
  97  7:35  Viking  
  90  7:44  SCV, Marine x2  
  90  7:45  Marine  
  90  7:46  Marine x2  
  90  7:47  SCV  
  97  7:53  Supply Depot  
  97  7:55  SCV  
  97  7:56  SCV  
  99  8:02  Marine x2  
  99  8:03  SCV, Marine  
  99  8:04  Marine x2  
  103  8:09  Barracks Reactor, Combat Shield, Viking  
  105  8:13  Barracks Reactor  
  105  8:15  Viking  
  105  8:17  Siege Tank  
  112  8:20  Marine  
  112  8:21  Marine  
  112  8:25  Refinery  
  112  8:26  Refinery, Marine x3  
  113  8:33  Armory  
  115  8:37  SCV x2  
  115  8:38  Marine  
  115  8:39  Marine  
  119  8:43  Medivac  
  119  8:44  Marine x3  
  119  8:45  Medivac  
  119  8:47  Marine x2  
  128  8:52  Marine  
  128  8:55  Marine x2, Sensor Tower  
  130  8:57  Marine  
  132  9:02  Marine  
  132  9:03  Marine, Siege Tank  
  132  9:06  Marine x2  
  132  9:08  Marine  
  140  9:10  Supply Depot, Marine  
  140  9:14  Marine  
  142  9:18  Marine x2  
  142  9:20  Marine x2  
  143  9:24  Terran Infantry Armor Level 2, Marine x2, Terran Infantry Weapons Level 2  
  143  9:26  Marine  
  143  9:27  Marine  
  145  9:32  Marine  
  144  9:41  Marine  
  144  9:42  Marine  
  146  9:45  Marine  
  146  9:46  Marine, Siege Tank  
  146  9:48  Terran Vehicle Weapons Level 1  
  146  9:50  Factory  
  151  9:56  Marine x5  
  151  9:59  Marine  
  157  10:03  Medivac  
  157  10:05  Supply Depot x3  
  157  10:06  Medivac  
  156  10:11  Marine x3  
  156  10:16  Marine  
  157  10:24  Command Center  
  157  10:26  Marine, Sensor Tower  
  154  10:37  Marine x4  
  154  10:38  Viking x2, Siege Tank  
  154  10:41  Marine  
  163  10:48  Barracks Reactor  
  163  10:50  Marine  
  163  10:51  Marine x2  
  163  10:55  Marine x4  
  169  10:59  Marine  
  163  11:06  Siege Tank  
  163  11:08  Marine x3  
  163  11:10  Siege Tank  
  172  11:13  Marine x2  
  172  11:14  Marine  
  172  11:15  Marine  
  168  11:20  Marine  
  168  11:24  Supply Depot, Marine  
  168  11:25  Viking x2, Supply Depot  
  169  11:26  Supply Depot, Marine x3  
  170  11:34  Marine  
  170  11:36  Marine  
  170  11:39  Siege Tank  
  161  11:50  Marine x6  
  161  11:51  Siege Tank  
  146  12:03  Marine  
  146  12:10  Marine x5  
  146  12:11  Viking x2, Siege Tank  
  146  12:12  Marine  
  159  12:16  Marine  
  159  12:20  Marine  
  159  12:21  Marine x2  
  163  12:23  Siege Tank  
  163  12:28  Marine x5  
  170  12:30  Planetary Fortress, Marine  
  170  12:31  SCV  
  170  12:34  Terran Infantry Weapons Level 3, Marine  
  171  12:38  Marine  
  172  12:44  Marine x2  
  172  12:46  Marine x2  
  172  12:47  Siege Tank  
  179  12:52  Liberator  
  179  12:54  Liberator  
  185  13:02  Marine  
  185  13:04  Marine x4  
  185  13:05  Marine x2  
  192  13:14  Marine, Siege Tank  
  192  13:19  Siege Tank  
  199  13:21  Marine  
  200  13:28  Refinery  
  200  13:29  Refinery  
  200  13:30  Command Center  
  200  13:41  Sensor Tower  
  200  13:51  Missile Turret  
  183  13:56  Marine  
  183  14:00  Marine  
  138  14:19  Marine x4, Liberator  
  138  14:20  Siege Tank x2  
  148  14:29  Marine x6  
  148  14:30  Liberator  
  154  14:36  Marine, Sensor Tower  
  154  14:37  Marine x3  
  158  14:40  Terran Infantry Armor Level 3, Starport x2  
  158  14:47  Marine x3  
  158  14:51  Marine  
  131  14:53  Marine  
  131  14:54  Marine x5, Sensor Tower, Siege Tank x2  
  120  15:02  Liberator  
  120  15:04  Marine  
  120  15:05  Marine x2  
  126  15:09  Marine  
  126  15:11  Marine x2  
  126  15:12  Marine x3  
  126  15:13  Medivac  
  132  15:40  Marine x4  
  132  15:41  Marine x3  
  132  15:42  Siege Tank x2  
  142  15:43  Medivac  
  142  15:45  Medivac, Marine  
  142  15:46  Planetary Fortress  
  142  15:47  Marine  
  148  15:50  Marine  
  149  15:58  Marine x2  
  151  16:04  Marine  
  151  16:05  Marine x5  
  157  16:13  Medivac, Marine  
  157  16:14  Marine  
  157  16:15  Medivac  
  157  16:16  Marine  
  157  16:18  Marine  
  165  16:19  SCV  
  165  16:20  Starport Tech Lab x2, Sensor Tower  
  166  16:28  Marine  
  166  16:29  Marine  
  166  16:43  Raven x2  
  166  16:44  Viking  
  171  16:55  Marine, Sensor Tower  
  171  16:57  Marine  
  173  17:05  Marine  
  173  17:06  Marine  
  175  17:12  Marine  
  175  17:13  Liberator, Siege Tank x2  
  175  17:14  Liberator  
  184  17:19  Marine x2  
  166  17:24  Marine  
  166  17:27  Marine  
  168  17:31  Marine x6  
  171  17:40  Viking x2  
  171  17:43  Marine  
  176  17:44  Marine x2  
  176  17:48  Marine  
  176  17:50  Refinery  
  179  17:52  Marine  
  179  17:53  Marine  
  179  17:56  Command Center, Marine x2  
  183  17:59  Marine  
  183  18:01  Missile Turret, Marine  
  183  18:03  Siege Tank x2  
  191  18:10  Marine  
  187  18:15  Marine  
  187  18:17  Marine x7  
  187  18:18  Viking  
  188  18:29  Marine  
  188  18:31  Marine  
  188  18:33  Marine  
  191  18:35  Viking, Marine, Siege Tank x2  
  190  18:41  Marine x2  
  173  18:50  Viking x2  
  173  18:55  Marine x3  
  176  18:57  Marine  
  176  18:59  Marine  
  171  19:03  Viking  
  171  19:05  Viking  
  171  19:07  Siege Tank  
  171  19:08  Marine  
  174  19:12  Marine x3  
  174  19:13  Siege Tank  
  179  19:23  Marine  
  179  19:24  Marine x5  
  162  19:25  Viking  
  162  19:26  Marine  
  162  19:30  Marine x3  
  173  19:37  Refinery  
  173  19:38  Raven  
  175  19:39  Siege Tank  
  175  19:40  Sensor Tower  
  175  19:41  Marine, Hi-Sec Auto Tracking  
  175  19:42  Supply Depot  
  179  19:48  Medivac x2  
  179  19:52  Marine  
  184  19:56  Marine  
  185  20:00  Medivac  
  185  20:01  Planetary Fortress  
  187  20:14  Marine  
  167  20:15  Marine  
  167  20:17  Marine  
  167  20:18  Medivac  
  167  20:21  Missile Turret, Marine  
  173  20:22  Missile Turret  
  173  20:24  Marine  
  173  20:25  Marine  
  174  20:30  Marine x3  
  174  20:32  Missile Turret  
  174  20:33  Marine  
  178  20:40  SCV  
  175  20:45  Marine  
  175  20:46  Marine  
  175  20:47  Marine  
  175  20:48  Marine x3  
  175  20:49  Viking, Siege Tank x2  
  176  20:50  Viking  
  184  20:54  SCV  
  185  21:07  Marine  
  185  21:09  Marine x2  
  188  21:12  Marine  
  189  21:19  Marine  
  189  21:20  Viking x2, Marine x2  
  196  21:29  Raven x2  
  158  22:06  Marine  
  158  22:07  Viking x2, Marine x3  
  158  22:08  Marine  
  167  22:09  Siege Tank x2  
  167  22:12  Raven, Marine  
  167  22:13  Marine  
  167  22:14  Marine  
  167  22:15  Raven  
  177  22:18  Marine  
  177  22:20  Marine  
  178  22:33  Marine  
  167  22:40  Marine x5  
  167  22:41  Marine, Siege Tank x2  
  177  22:46  Marine  
  178  22:54  Raven  
  178  22:55  Marine  
  178  22:57  Viking x2  
  184  22:58  Viking  
  184  22:59  Marine  
  187  23:07  Marine  
  186  23:13  Siege Tank  
  186  23:14  Siege Tank  
  186  23:18  Marine  
  186  23:19  Marine  
  164  23:20  Marine x2  
  164  23:23  Marine  
  164  23:25  Marine  
  157  23:33  SCV  
  158  23:36  Supply Depot, Refinery, Marine  
  158  23:37  Refinery, Marine  
  158  23:38  Marine  
  160  23:45  Siege Tank  
  160  23:46  Siege Tank  
  160  23:47  Marine  
  152  24:05  Marine  
  152  24:07  SCV x2, Refinery  
  152  24:13  Barracks x2  
  152  24:17  Siege Tank  
  152  24:18  Refinery  
  152  24:19  Marine x3  
  152  24:23  Marine  
  159  24:36  Marine  
  159  24:38  SCV  
  157  24:40  Marine x2  
  157  24:44  Raven  
  161  24:52  Orbital Command  
  155  25:15  Viking x2  
  155  25:16  Marine x3  
  162  25:25  Marine x2  
  162  25:26  Viking  
  162  25:27  Viking, SCV  
  142  25:44  Marine  
  142  25:45  Marine  
  142  25:46  Marine x6  
  117  25:51  Siege Tank x2  
  117  25:52  Medivac  
  116  26:02  Marine  
  116  26:03  Marine x7  
  118  26:17  Viking  
  118  26:18  Viking  
  118  26:20  Marine  
  118  26:21  Marine x2  
  121  26:28  Marine  
  121  26:31  Marine x3  
  121  26:32  Siege Tank x2  
  132  26:35  Command Center, Marine  
  132  26:38  Marine  
  133  26:44  Marine  
  134  26:48  Sensor Tower  
  134  26:49  Marine  
  125  27:08  Medivac x3  
  129  27:10  Siege Tank  
  129  27:21  Marine  
  109  27:30  Marine x3  
  109  27:31  Marine x2, Siege Tank  
  113  27:37  Marine  
  113  27:41  Liberator  
  113  27:42  Marine  
  118  27:47  Marine  
  115  27:53  Marine  
  115  27:54  Marine  
  115  27:56  Marine  
  115  27:57  Marine x2  
  120  27:59  Marine  
  120  28:03  Refinery  

Tags
 
Add a new tag
Caveats
  • Supply blocks, unpowered buildings, or Contaminate may cause inaccurate times.
  • Supply counts are checked every 10 seconds.